 Dungeon Sprint DCSS version 0.16.1-28-gcc2312f (webtiles) character file.

48 Kidiri the Firebug (level 3, -3/24 HPs)
             Began as a High Elf Fire Elementalist on May 28, 2015.
             Was a Priest of Vehumet.
             Slain by a warg (14 damage)
             ... in the Dungeon (Sprint VII: "The Pits").
             The game lasted 00:04:47 (661 turns).

Kidiri the Firebug (High Elf Fire Elementalist)      Turns: 661, Time: 00:04:47

Health: -3/24      AC:  2    Str:  7    XL:     3   Next: 50%
Magic:  5/11       EV: 13    Int: 20    God:    Vehumet [***...]
Gold:   0          SH:  0    Dex: 15    Spells: 4 memorised, 1 level left

rFire  . . .     SeeInvis .     q - +2 falchion
rCold  . . .     Clarity  .     a - +0 robe
rNeg   . . .     SustAb   .     (no shield)
rPois  .         Gourm    .     (no helmet)
rElec  .         Spirit   .     (no cloak)
rCorr  .         Warding  .     (no gloves)
rMut   .         NoTele   +     (no boots)
MR     .....                    (no amulet)
Stlth  ++........               (no ring)
                                (no ring)

@: not resistant to hostile enchantments, unstealthy
A: no striking features
a: Renounce Religion


You were in the Dungeon.
You worshipped Vehumet.
Vehumet was most pleased with you.
You were not hungry.

You visited 1 branch

Inventory:

Hand weapons
 p - a +1 long sword of holy wrath
 q - a +2 falchion (weapon)
Armour
 a - a +0 robe (worn)
Scrolls
 i - a scroll of blinking
 m - 3 scrolls of remove curse
 n - 5 scrolls of amnesia
 o - a scroll of summoning
Potions
 d - 6 potions of curing
 e - 6 potions of heal wounds
 f - a potion of haste
 g - 4 potions of magic
 h - 3 potions of berserk rage
 l - 2 potions of invisibility
Books
 b - a book of Flames

   Spells                             Type                      Level
   a - Flame Tongue                   Conjuration/Fire             1
   b - Throw Flame                    Conjuration/Fire             2
   c - Conjure Flame                  Conjuration/Fire             3
   d - Inner Flame                    Hexes/Fire                   3
   e - Sticky Flame                   Conjuration/Fire             4
   f - Fireball                       Conjuration/Fire             5
Comestibles
 c - 8 bread rations
 j - 40 fruits
 k - 7 meat rations


   Skills:
 + Level 1.9 Fighting
 + Level 2.2 Long Blades
 + Level 3.1 Dodging
 + Level 3.1 Stealth
 * Level 4.3 Spellcasting
 * Level 3.2 Conjurations
 * Level 4.4 Fire Magic


You had one spell level left.
You knew the following spells:

 Your Spells              Type           Power        Failure   Level  Hunger
a - Flame Tongue          Conj/Fire      ###..        1%          1    None
b - Throw Flame           Conj/Fire      ###...       1%          2    #......
c - Conjure Flame         Conj/Fire      ###.....     2%          3    ###....
d - Inner Flame           Hex/Fire       ##......     4%          3    ###....


Dungeon Overview and Level Annotations

Branches:
Dungeon (1/1)

Altars:
Ashenzari
Cheibriados
Dithmenos
Elyvilon
Fedhas
Gozag
Kikubaaqudgha
Makhleb
Nemelex Xobeh
Okawaru
Qazlal
Ru
Sif Muna
Trog
Vehumet
Xom
Yredelemnul
Zin
The Shining One
Beogh
Jiyva
Lugonu


Message History

You see here a bat corpse.
A gnoll comes into view. It is wielding a spear.
A gnoll and a crimson imp come into view.
The gnoll shouts! x2
You hear a bark!
An adder zombie comes into view.
A warg and a gnoll come into view.
The gnoll misses you.
The crimson imp blinks!
The gnoll closely misses you. The warg bites you!
You see here a bat corpse.
The warg barely misses you.
There is an open door here.
Casting: Flame Tongue
Confirm with . or Enter, or press ? or * to list all spells.
Aiming: Conjure Flame
Press: ? - help, Dir - move target cursor The fire roars!
The warg bites you!
Ouch! That really hurt!
You die...

#######'#####.....
#.....[....)'.....
#'#####'#####.....
#.#..#..#[[##.....
#.#..'..#))#####'#
#.#..####.)##.....
#.#..#..#))##.....
#.#..#..#..##.....
#@##†#..#'###...<.
#h#........##.....
#Z#........##.....
#§###########.....
#g......# ######
#†###...# #.#
.5..# #.#...#
#.....#


You could see a warg, a gnoll and an adder zombie.

Vanquished Creatures
  A worker ant (D)
  A gnoll (D)
  A giant gecko (D)
  An orc (D)
  A bat (D)
  A bat zombie (D)
  4 giant cockroaches (D)
  A kobold (D)
  A quokka (D)
12 creatures vanquished.

Notes
Turn   | Place    | Note
--------------------------------------------------------------
     0 | D        | Kidiri, the High Elf Fire Elementalist, began the quest for the Orb.
     0 | D        | Reached XP level 1. HP: 11/11 MP: 4/4
    26 | D        | Found a sacrificial altar of Ru.
    26 | D        | Found a basalt altar of Yredelemnul.
    26 | D        | Found a shadowy altar of Dithmenos.
    26 | D        | Found a deep blue altar of Sif Muna.
    26 | D        | Found a burning altar of Makhleb.
    26 | D        | Found a shimmering altar of Xom.
    26 | D        | Found an ancient bone altar of Kikubaaqudgha.
    26 | D        | Found a sparkling altar of Nemelex Xobeh.
    27 | D        | Found a glowing golden altar of the Shining One.
    27 | D        | Found a bloodstained altar of Trog.
    27 | D        | Found a shattered altar of Ashenzari.
    27 | D        | Found a white marble altar of Elyvilon.
    27 | D        | Found a snail-covered altar of Cheibriados.
    27 | D        | Found a blossoming altar of Fedhas.
    27 | D        | Found a radiant altar of Vehumet.
    27 | D        | Found a glowing silver altar of Zin.
    27 | D        | Found a corrupted altar of Lugonu.
    27 | D        | Found a viscous altar of Jiyva.
    27 | D        | Found a roughly hewn altar of Beogh.
    27 | D        | Found an iron altar of Okawaru.
    33 | D        | Found a stormy altar of Qazlal.
    34 | D        | Found an opulent altar of Gozag.
    37 | D        | Became a worshipper of Vehumet
    89 | D        | Reached XP level 2. HP: 12/18 MP: 4/7
    90 | D        | Reached skill level 1 in Fighting
   194 | D        | Acquired Vehumet's first power
   194 | D        | Offered knowledge of Sandblast by Vehumet.
   194 | D        | Reached skill level 1 in Long Blades
   209 | D        | Learned a level 2 spell: Throw Flame
   407 | D        | Noticed a worker ant
   414 | D        | Killed a worker ant
   414 | D        | Offered knowledge of Searing Ray by Vehumet.
   414 | D        | Reached skill level 4 in Spellcasting
   414 | D        | Reached XP level 3. HP: 13/24 MP: 4/11
   425 | D        | Learned a level 3 spell: Conjure Flame
   429 | D        | Learned a level 3 spell: Inner Flame
   633 | D        | Offered knowledge of Mephitic Cloud by Vehumet.
   645 | D        | Acquired Vehumet's second power
   651 | D        | Noticed a crimson imp
   652 | D        | Noticed a warg
   661 | D        | Slain by a warg

Action                   || total
-------------------------++-------
Melee: Falchion          ||     6
 Cast: Flame Tongue      ||    17
       Throw Flame       ||     5
       Conjure Flame     ||     1
 Stab: Sleeping          ||     3
